 Dungeon Crawl Stone Soup version 0.28-a0-381-g937acc2988 (webtiles) character file.

Game seed: 6566229233406564985

10 jdzakarian the Ruffian (level 2, -1/29 HPs)
             Began as a Troll Berserker on Sept 1, 2021.
             Was a Follower of Trog.
             Killed from afar by a dart slug (3 damage)
             ... with a slug dart
             ... on level 2 of the Dungeon.
             The game lasted 00:04:20 (769 turns).

jdzakarian the Ruffian (Troll Berserker)             Turns: 769, Time: 00:04:22

Health: -1/29      AC:  4    Str: 22 (24) XL:     2   Next: 10%
Magic:  1/1        EV: 10    Int:  0 (3)  God:    Trog [*.....]
Gold:   44         SH:  0    Dex:  8 (9)  Spells: 1/1 levels left

rFire   . . .      SeeInvis .   c - +0 trident
rCold   . . .      Faith    .   (no shield)
rNeg    . . .      Spirit   .   a - +0 animal skin
rPois   .          Reflect  .   (helmet restricted)
rElec   .          Harm     .   (no cloak)
rCorr   .          Rampage  .   (gloves unavailable)
Will    .....                   (boots unavailable)
Stlth   +.........              (no amulet)
HPRegen 1.09/turn               (no ring)
MPRegen 0.07/turn               (no ring)

@: lethally poisoned (-1 -> -3), slowed, lost intelligence, unable to read, very
slow
A: large, unfitting armour, claws 3, regeneration 1, shaggy fur 1, tough skin 1
a: Renounce Religion, Berserk


You were on level 2 of the Dungeon.
You worshipped Trog.
Trog was aware of your devotion.
You visited 1 branch of the dungeon, and saw 2 of its levels.

You collected 44 gold pieces.

Inventory:

Hand Weapons
 c - a +0 trident (weapon)
Armour
 a - a +0 animal skin (worn)


   Skills:
 + Level 2.5 Fighting
 + Level 2.6 Dodging
 + Level 3.2 Unarmed Combat


You had one spell level left.
You didn't know any spells.
Your spell library was empty.

Dungeon Overview and Level Annotations

Branches:
Dungeon (1/15)

Altars:


Innate Abilities, Weirdness & Mutations

You are too large for most types of armour.
You have claws for hands.
Your natural rate of healing is unusually fast.
You are covered in fur. (AC +1)
You have tough skin. (AC +1)


Message History

The adder bites you but does no damage. The adder bites you.
You hit the adder.
The adder is severely wounded.
The adder bites you but does no damage. The adder bites you.
You are poisoned.
The adder poisons you! The hobgoblin misses you. The adder bites you.
The dart slug launches a dart at you. The slug dart misses you.
You miss the adder.
The adder is heavily wounded.
You feel sick. The adder barely misses you. The hobgoblin closely misses you.
The adder bites you. The hobgoblin closely misses you.
The dart slug launches a dart at you. The slug dart hits you.
The adder bites you.
You are more poisoned.
The adder poisons you!
You miss the adder.
The adder is heavily wounded.
You feel very sick. The hobgoblin barely misses you. The adder bites you.
* * * LOW HITPOINT WARNING * * *
You are more poisoned.
The adder poisons you! The dart slug launches a dart at you.
The slug dart hits you.
* * * LOW HITPOINT WARNING * * *
The hobgoblin closely misses you. The adder bites you but does no damage.
You miss the adder.
The adder is heavily wounded.
* * * LOW HITPOINT WARNING * * *
You feel very sick. The adder bites you.
* * * LOW HITPOINT WARNING * * *
The hobgoblin hits you but does no damage.
The adder bites you.
* * * LOW HITPOINT WARNING * * *
The hobgoblin hits you but does no damage.
The dart slug launches a dart at you. The slug dart hits you.
You die...

#..$...##
.......#
......# .....#
#..?.# . #....#
...
######....#....
...............
.......@w......
......Sg.......
...............
.......).......
...............
...............
...............
...............


You could see an adder, a dart slug and a hobgoblin.

Vanquished Creatures
  A hobgoblin (D:1)
  A jackal (D:1)
  2 quokkas (D:1)
  3 ball pythons (D:1)
  A bat (D:1)
  A frilled lizard (D:1)
  A rat (D:1)
10 creatures vanquished.

Notes
Turn   | Place    | Note
-------+----------+-------------------------------------------
     0 | D:1      | jdzakarian the Troll Berserker began the quest for the Orb.
     0 | D:1      | Reached XP level 1. HP: 22/22 MP: 0/0
    19 | D:1      | Found a faded altar of an unknown god.
   280 | D:1      | Reached XP level 2. HP: 29/29 MP: 1/1
   583 | D:1      | Lost intelligence.
   761 | D:1      | You fall into a shaft and drop 1 floor!
   769 | D:2      | Killed from afar by a dart slug

Illustrated notes

Levels and vault maps discovered:
D:1:      lightli_arrival_farm, layout_loops_corners, basic_ecumenical_altar,
          st_stairs_4, hangedman_decor_riveting
D:2:      layout_basic, nrook_uturn

Action                   || total
-------------------------++-------
Melee: Trident           ||    34
       Unarmed           ||    17
  Use: Potion            ||     3
       Scroll            ||     2
Armor: Animal skin       ||    15
Dodge: Dodged            ||    41

Table legend: (Time is in decaauts)
 A = Elapsed time spent in this place.
 B = Non-inter-level travel time spent in this place.
 C = Inter-level travel time spent in this place.
 D = Time resting spent in this place.
 E = Time spent auto-exploring this place.
 F = Levels seen in this place.
 G = Mean time per level.
                   A        B        C        D        E       F      G
               +--------+--------+--------+--------+--------+-----+--------+
         Total |    871 |    871 |      0 |      0 |    645 |   2 |  435.5 |
       Dungeon |    871 |    871 |      0 |      0 |    645 |   2 |  435.5 |
               +--------+--------+--------+--------+--------+-----+--------+

Top non-repeatable levels by time:
     D:1: 857 daAuts
     D:2: 13 daAuts
